 Dungeon Crawl Stone Soup version 0.30-a0-634-g8abc85282e (webtiles) character file.

Game seed: 17818302629416596259

2860 Sharqy the Spear-Bearer (level 9, 0/81 HPs)
             Began as a Minotaur Fighter on Jan 14, 2023.
             Was a Follower of Trog.
             Succumbed to a gnoll sergeant's poison
             ... on level 6 of the Dungeon.
             The game lasted 00:23:08 (4763 turns).

Sharqy the Spear-Bearer (Minotaur Fighter)          Turns: 4763, Time: 00:23:09

Health: 0/81       AC: 18    Str: 24    XL:     9   Next: 47%
Magic:  8/8        EV:  8    Int:  5    God:    Trog [*.....]
Gold:   374        SH:  5    Dex: 17    Spells: 8/8 levels left

rFire   . . .      SeeInvis +    d - +0 scythe (venom)
rCold   . . .      Faith    .    (shield currently unavailable)
rNeg    + . .      Spirit   .    A - +2 plate armour {Will+}
rPois   .          Reflect  +    (helmet restricted)
rElec   .          Harm     .    w - +0 cloak of the Healing Wonders {rN+ Stlth+}
rCorr   .          Rampage  .    z - +0 pair of gloves
Will    +....                    (no boots) Stlth
                                 i - amulet of reflection
HPRegen 0.33/turn                k - ring of see invisible
MPRegen 0.11/turn                o - +6 ring of dexterity

@: lethally poisoned (0 -> -28), studying Fighting
A: horns 2, retaliatory headbutt
a: Renounce Religion, Berserk


You were on level 6 of the Dungeon.
You worshipped Trog.
Trog was aware of your devotion.
You visited 1 branch of the dungeon, and saw 6 of its levels.

You collected 374 gold pieces.

Inventory:

Hand Weapons
 a - a +0 war axe
 d - a +0 scythe of venom (weapon)
Missiles
 y - a throwing net (quivered)
Armour
 b - a +0 scale mail
 c - a +0 buckler
 w - the +0 cloak of the Healing Wonders (worn) {rN+ Stlth+}
   (You found it on level 4 of the Dungeon)

   rN:        It protects you from negative energy.
   Stlth:     It makes you more stealthy.
 z - a +0 pair of gloves (worn)
 A - a +2 plate armour of willpower (worn)
Jewellery
 h - the Hermit's Pendant {Faith Invo=14 Evo=0 MP+5}
   (You found it on level 2 of the Dungeon)

   [amulet of faith]

   Invo=14: It sets your Invocations skill to 14.
   Evo=0: It sets your Evocations skill to 0.
   It allows you to gain divine favour quickly.
   MP:        It affects your magic capacity (+5).
 i - an amulet of reflection (around neck)
 k - a ring of see invisible (left hand)
 o - a +6 ring of dexterity (right hand)
Wands
 r - a wand of flame (30)
 x - a wand of roots (3)
Scrolls
 f - 3 scrolls of vulnerability {unknown}
 g - 3 scrolls of fear
 l - 3 scrolls of fog
 q - a scroll of summoning {unknown}
 s - 2 scrolls of poison {unknown}
 t - a scroll of enchant armour {unknown}
 u - 3 scrolls of teleportation {unknown}
Potions
 e - a potion of lignification
 j - 5 potions of curing
 m - a potion of resistance {unknown}
 n - a potion of flight {unknown}
 p - a potion of heal wounds {unknown}
 v - a potion of cancellation {unknown}


   Skills:
 + Level 7.9 Fighting
 + Level 5.6(8.3) Axes
 + Level 9.4(10.1) Polearms
 + Level 8.1 Armour
 + Level 1.8 Dodging
 + Level 1.5 Stealth
 + Level 5.6 Shields


You had 8 spell levels left.
You didn't know any spells.
Your spell library contained the following spells:

 Spells                   Type           Power      Damage    Failure   Level
 Apportation              Tloc           0%         N/A       100%        1
 Foxfire                  Conj/Fire      0%         2x1d4     100%        1
 Necrotise                Necr           0%         1d4       100%        1
 Summon Small Mammal      Summ           0%         N/A       100%        1
 Dazzling Flash           Conj/Hex       0%         N/A       100%        3
 Agony                    Necr           0%         N/A       100%        5
 Fireball                 Conj/Fire      0%         3d3       100%        5
 Silence                  Hex/Air        0%         N/A       100%        5
 Starburst                Conj/Fire      0%         6d3       100%        6


Dungeon Overview and Level Annotations

Branches:
Dungeon (6/15)             Temple (0/1) D:5

Altars:
Cheibriados
Dithmenos
Fedhas
Ru
Trog
The Shining One

Shops:
D:5 ?


Innate Abilities, Weirdness & Mutations

You have a pair of horns on your head.
You reflexively headbutt those who attack you in melee.


Message History

You block the gnoll's attack.
The gnoll hits you from afar with a +0 spear.
The gnoll attacks as you move away! The gnoll hits you with a +0 spear.
You feel sick.
The gnoll sergeant hits you from afar with a +2 trident of venom.
You are more poisoned.
The gnoll barely misses you.
You feel very sick.
The gnoll sergeant hits you but does no damage.
You are more poisoned.
The gnoll closely misses you. The gnoll barely misses you.
* * * LOW HITPOINT WARNING * * *
You feel very sick.
The gnoll sergeant completely misses you.
The gnoll closely misses you. The gnoll hits you but does no damage.
You block the gnoll's attack.
You barely miss the gnoll.
You feel very sick.
The gnoll sergeant hits you but does no damage.
You are lethally poisoned!
The gnoll misses you. You block the gnoll's attack.
The gnoll hits you but does no damage.
You impale the gnoll!!
You kill the gnoll!
Trog accepts your kill.
* * * LOW HITPOINT WARNING * * *
You feel very sick.
The gnoll sergeant hits you but does no damage.
You are more poisoned.
The gnoll hits you but does no damage. x2
You puncture the gnoll sergeant! You headbutt the gnoll sergeant!
The gnoll sergeant is almost dead.
* * * LOW HITPOINT WARNING * * *
You feel very sick.
The gnoll sergeant hits you but does no damage.
You are more poisoned.
You block the gnoll's attack. The gnoll barely misses you.
You hit the gnoll sergeant.
The gnoll sergeant is poisoned.
The gnoll sergeant is almost dead.
You die...

.........##................#
..........#.....############
..........#....##
...............# #######
.............<.# ......#
.......####....# ......#
......# #....# g.....#
...... .##.<..##g.....#
...... .........@).....#
...... ####....##g.....#
..... ###### ......# ......#
......# #######


You could see a gnoll sergeant (very poisoned) and 2 gnolls.

Vanquished Creatures
  A boulder beetle (D:6)
  A hornet (D:6)
  Sigmund (D:3)
  3 ice beasts
  An orc warrior (D:6)
  2 ogres (D:5)
  2 sky beasts (D:6)
  2 phantoms
  A bullfrog (D:6)
  3 necrophages
  2 hounds
  2 jellies (D:5)
  An orc priest (D:4)
  A gnoll bouda (D:4)
  7 iguanas
  3 orc wizards
  15 gnolls
  10 adders
  A shadow imp (D:6)
  4 worms
  3 dart slugs
  18 orcs
  7 endoplasms
  2 giant cockroaches
  12 goblins
  5 hobgoblins
  6 kobolds
  6 quokkas
  7 ball pythons
  3 bats
  6 frilled lizards
  5 rats
143 creatures vanquished.

Vanquished Creatures (others)
  20 fungi
  2 plants (D:1)
22 creatures vanquished.

Grand Total: 165 creatures vanquished

Notes
Turn   | Place    | Note
-------+----------+-------------------------------------------
     0 | D:1      | Sharqy the Minotaur Fighter began the quest for the Orb.
     0 | D:1      | Reached XP level 1. HP: 19/19 MP: 0/0
   183 | D:1      | Reached XP level 2. HP: 27/27 MP: 1/1
   318 | D:1      | Found a faded altar of an unknown god.
   590 | D:2      | Reached XP level 3. HP: 30/33 MP: 2/2
   867 | D:2      | Found the Hermit's Pendant {Faith Invo=14 Evo=0 MP+5}
   880 | D:2      | Reached XP level 4. HP: 39/41 MP: 3/3
  1276 | D:3      | Found a shadowy altar of Dithmenos.
  1278 | D:3      | Found a blossoming altar of Fedhas.
  1278 | D:3      | Found a sacrificial altar of Ru.
  1516 | D:3      | Found a snail-covered altar of Cheibriados.
  1614 | D:3      | Noticed Sigmund
  1626 | D:3      | Killed Sigmund
  1627 | D:3      | Reached skill level 5 in Fighting
  1627 | D:3      | Reached skill level 5 in Axes
  1627 | D:3      | Reached XP level 5. HP: 25/48 MP: 4/4
  1627 | D:3      | Reached XP level 6. HP: 30/56 MP: 5/5
  2244 | D:4      | Reached skill level 5 in Armour
  2406 | D:4      | Noticed an ice beast
  2409 | D:4      | Killed an ice beast
  2410 | D:4      | Reached skill level 1 in Polearms
  2410 | D:4      | Reached skill level 1 in Dodging
  2410 | D:4      | Reached XP level 7. HP: 42/63 MP: 6/6
  2544 | D:4      | Reached skill level 2 in Polearms
  2708 | D:4      | Reached skill level 5 in Shields
  2714 | D:4      | Reached skill level 3 in Polearms
  2885 | D:4      | Found a glowing golden altar of the Shining One.
  2998 | D:4      | Became a worshipper of the Shining One
  3046 | D:4      | Identified the +0 cloak of the Healing Wonders {rN+ Stlth+}
  3181 | D:5      | Entered Level 5 of the Dungeon
  3264 | D:5      | Reached skill level 4 in Polearms
  3264 | D:5      | Found a bloodstained altar of Trog.
  3322 | D:5      | Found a staircase to the Ecumenical Temple.
  3329 | D:5      | Fell from the grace of the Shining One
  3329 | D:5      | Became a worshipper of Trog the Wrathful
  3390 | D:5      | Reached skill level 5 in Polearms
  3390 | D:5      | Reached XP level 8. HP: 64/71 MP: 7/7
  3501 | D:5      | Found Kachots's Magic Scroll Emporium.
  3562 | D:5      | Reached skill level 6 in Polearms
  3573 | D:5      | Identified the +3 leather armour of Nefeih {rF+ Regen+
                  | Str-5 Int+7}
  4138 | D:6      | Reached skill level 7 in Polearms
  4139 | D:6      | Noticed a boulder beetle
  4148 | D:6      | Killed a boulder beetle
  4149 | D:6      | Reached skill level 8 in Polearms
  4149 | D:6      | Reached skill level 1 in Stealth
  4149 | D:6      | Reached XP level 9. HP: 69/79 MP: 8/8
  4161 | D:6      | Paralysed by a hornet for 1 turns
  4177 | D:6      | Reached skill level 9 in Polearms
  4429 | D:6      | Reached * piety under Trog
  4763 | D:6      | Succumbed to a gnoll sergeant's poison

Illustrated notes

Levels and vault maps discovered:
D:1:      minmay_arrival_doors, layout_rooms, dreamdust_ecumenical_altar_grove
D:2:      kennysheep_the_goblin_king, layout_loops_ring
D:3:      layout_loops_ring, grunt_temple_overflow_open,
          cheibrodos_worm_habitat, uniq_sigmund
D:4:      layout_basic, tso_metal_star, minmay_misc_feat_roman,
          wad_rectangle_vault
D:5:      layout_basic, nicolae_overflow_crystal_walls, temple_fountains,
          serial_aquarium, aquarium_bridge_square [aquarium_subvault_wall,
          aquarium_subvault_bridge, aquarium_subvault_window,
          aquarium_subvault_bridge], aquarium_bridge_square
          [aquarium_subvault_window, aquarium_subvault_bridge,
          aquarium_subvault_bridge, aquarium_subvault_wall], aquarium_window_3,
          aquarium_window_double, aquarium_view_2e, aquarium_view_2f,
          aquarium_balcony_3a, aquarium_pool_S, serial_shops, shop,
          portal_sewer_entry_e, kennysheep_generic_room_10
D:6:      layout_rooms, minmay_manual_maat

Skill      XL: |  1  2  3  4  5  6  7  8  9 |
---------------+----------------------------+-----
Fighting       | 4 5 6 7 |  7.9
Armour         | 4 5 6 7 8 |  8.1
Shields        | 4 5 |  5.6
Axes           | 3 5 |  5.6
Polearms       | 1 5 8 9 |  9.4
Dodging        | 1 |  1.8
Stealth        | 1 |  1.5

Action                   |  1- 3 |  4- 6 |  7- 9 || total
-------------------------+-------+-------+-------++-------
Melee: War axe           |    78 |    52 |       ||   130
       Headbutt          |    16 |    10 |    43 ||    69
       Halberd           |       |    51 |   179 ||   230
Throw: Throwing net      |       |       |     1 ||     1
  Use: Scroll            |       |     5 |       ||     5
       Potion            |       |     3 |       ||     3
 Stab: Distracted        |       |       |     1 ||     1
       Sleeping          |       |       |     1 ||     1
Armor: Scale mail        |    23 |    36 |    36 ||    95
       Plate armour      |       |       |    21 ||    21
Dodge: Dodged            |    17 |    32 |    73 ||   122
Block: Buckler           |    21 |    20 |       ||    41
       Other             |       |    11 |    44 ||    55
       Reflection        |       |       |     2 ||     2

Table legend: (Time is in decaauts)
 A = Elapsed time spent in this place.
 B = Non-inter-level travel time spent in this place.
 C = Inter-level travel time spent in this place.
 D = Time resting spent in this place.
 E = Time spent auto-exploring this place.
 F = Levels seen in this place.
 G = Mean time per level.
                   A        B        C        D        E       F      G
               +--------+--------+--------+--------+--------+-----+--------+
         Total |   4868 |   4754 |    114 |    396 |   3202 |   6 |  811.3 |
       Dungeon |   4868 |   4754 |    114 |    396 |   3202 |   6 |  811.3 |
               +--------+--------+--------+--------+--------+-----+--------+

Top non-repeatable levels by time:
     D:4: 1067 daAuts
     D:3: 908 daAuts
     D:5: 874 daAuts
     D:2: 807 daAuts
     D:6: 719 daAuts
     D:1: 492 daAuts
